cohdb
Replays
Latest Replays
All Replays
Popular Replays
Top Player Replays
Match Explorer
How It Works
Community
CoH3 Stats
Reddit
Sign in to upload your games and track your stats! →
Sign in with Steam
Match 47260763
Unlisted
Match 47260763
Overview
Messages
Build Orders
End
Kradschützen Motorcycle Team
Selects Italian Combined Arms Battlegroup
Selects Italian Combined Arms Battlegroup
Selects Bersaglieri Squad
Bersaglieri Squad
Bersaglieri Squad
Construct Light Support Kompanie
250 Light Carrier
Fire Support Elements
Combat Half-tracks
Selects Bersaglieri Bolster
Flakvierling Half-track
Vehicle Survival Package
Pak 38 Mechanized Group
Flakvierling Half-track
2.5-tonne Medical Truck
Tungsten Core Ammunition
Selects Semovente da 75/18 Assault Gun
Semovente da 75/18 Assault Gun
Selects Strafing Run
Strafing Run
Construct Panzerarmee Kommand
Panzerjäger Squad
Panzergrenadier Squad
Veteran Squad Leaders
Selects Breda Model 30 Light Machine Guns
Kradschützen Motorcycle Team
Strafing Run
Rapid Advance
Armored Reserves
Selects Artillery Cover
Strafing Run
Tiger Heavy Tank
Ben Shapiro raped me with facts
IronDragon
skyhawkfranky
Cicero_540
MDiesel
rich_2k3
CasaDeFrance
Trunkie88
0
0
Comments
sign in to comment!
No comments posted yet!